 Dungeon Crawl Stone Soup version 0.29-a0-359-g541a27f54d (webtiles) character file.

Game seed: 17876530740905600905

80 chaleem the Skirmisher (level 4, 0/37 HPs)
             Began as a Demonspawn Chaos Knight on Apr 27, 2022.
             Was a Plaything of Xom.
             Slain by a worm (6 damage)
             ... on level 2 of the Dungeon.
             The game lasted 00:01:51 (1321 turns).

chaleem the Skirmisher (Demonspawn Chaos Knight)    Turns: 1321, Time: 00:01:53

Health: 0/37       AC:  6    Str: 14    XL:     4   Next: 18%
Magic:  4/4        EV: 11    Int: 14    God:    Xom [.*....]
Gold:   80         SH:  0    Dex: 12    Spells: 3/3 levels left

rFire   . . .      SeeInvis .   a - +0 hand axe (chaos)
rCold   . . .      Faith    .   (no shield)
rNeg    . . .      Spirit   .   b - +2 leather armour
rPois   .          Reflect  .   (no helmet)
rElec   .          Harm     .   e - +0 cloak
rCorr   .          Rampage  .   (no gloves)
Will    .....                   (no boots)
Stlth   +.........              (no amulet)
HPRegen 0.12/turn               (no ring)
MPRegen 0.09/turn               (no ring)

@: no status effects
A: powered by pain 1, weakness stinger 1
a: Renounce Religion


You were on level 2 of the Dungeon.
You worshipped Xom.
You were a plaything of Xom.
You visited 1 branch of the dungeon, and saw 2 of its levels.

You collected 80 gold pieces.

Inventory:

Hand Weapons
 a - a +0 hand axe of chaos (weapon)
Armour
 b - a +2 leather armour (worn)
 e - a +0 cloak (worn)
Jewellery
 j - a +6 ring of strength
 m - a +6 ring of intelligence
Scrolls
 d - a scroll of enchant weapon {unknown}
 g - a scroll of noise {unknown}
 h - a scroll of identify {unknown}
 i - 2 scrolls of teleportation {unknown}
 l - a scroll of immolation {unknown}
 n - a scroll of fear {unknown}
 o - a scroll of blinking {unknown}
Potions
 f - a potion of brilliance {unknown}
 k - 3 potions of resistance {unknown}
Miscellaneous
 c - a piece from Xom's chessboard (15/15) (quivered)


   Skills:
 + Level 3.8 Fighting
 + Level 3.6 Axes
 + Level 2.1 Armour
 + Level 1.1 Dodging
 + Level 0.6 Stealth


You had 3 spell levels left.
You didn't know any spells.
Your spell library was empty.

Dungeon Overview and Level Annotations

Branches:
Dungeon (2/15)

Altars:


Innate Abilities, Weirdness & Mutations

You sometimes gain a little power by taking damage.
You have a small tail.


Message History

The worm is moderately wounded.
The worm closely misses you.
You hit the worm but do no damage.
The worm is lightly wounded.
The worm closely misses you.
You barely miss the worm.
The worm is lightly wounded.
Xom makes a sudden noise!
You hear strange voices.
You are now a plaything of Xom.
You hear a shout! x5
You hit the worm. You burn the worm.
The worm is moderately wounded.
The worm closely misses you.
You hit the worm.
The worm flickers and vanishes!
Deactivating autopickup; reactivate with Ctrl-A.
You hit the orc but do no damage. The orc closely misses you.
Something bites you!
You closely miss the orc. You barely miss something. The orc barely misses you.
You hit the orc but do no damage.
You tail-slap the orc, but do no damage.
You hit something but do no damage. The orc barely misses you.
Something bites you!
* * * LOW HITPOINT WARNING * * *
You are too injured to fight recklessly!
You are too injured to fight recklessly!
You closely miss the orc. You hit something. The orc closely misses you.
Something bites you but does no damage.
You hit the orc. You freeze the orc.
The orc is severely wounded.
You barely miss something. The orc hits you with a +0 war axe.
* * * LOW HITPOINT WARNING * * *
Unknown command.
You hit the orc but do no damage. You drain the orc.
The orc is almost dead.
You hit something.
Nothing appears to happen.
The orc hits you with a +0 war axe.
* * * LOW HITPOINT WARNING * * *
Something bites you.
You die... "What!?
That's it?"

..........#........## #.......#
....................###.......#
..................#..##.......#
...........####....#...†.<....#
...........####.#...)#........#
......................).......#
..............)......##....)..#
........#######{..............#
.....>.###oo$###@...###.......#
##..##.##...o.##o...# #.......#
#..##.#...oo..#.(..# ##...>..#
#..##.#.#...#.#....# ##.....#
#...#.#.......#....# ##....#
#...#.# ..... #.#### #....#
#...#.# .o. #.# ###### #...#.#
#...# #)# ..# ......#.#


You could see an orc (very drained).

Vanquished Creatures
  Jessica (D:2)
  2 adders (D:2)
  A dart slug (D:1)
  2 orcs (D:2)
  4 endoplasms (D:1)
  2 giant cockroaches (D:1)
  2 goblins
  A hobgoblin (D:1)
  4 jackals (D:1)
  2 quokkas (D:1)
  A ball python (D:2)
  3 bats (D:1)
  2 frilled lizards
  3 kobolds
  4 rats
34 creatures vanquished.

Notes
Turn   | Place    | Note
-------+----------+-------------------------------------------
     0 | D:1      | chaleem the Demonspawn Chaos Knight began the quest for the
                  | Orb.
     0 | D:1      | Reached XP level 1. HP: 18/18 MP: 1/1
   119 | D:1      | XOM: divination: detect creatures
   280 | D:1      | Gained mutation: You sometimes gain a little power by
                  | taking damage. [demonic ancestry]
   280 | D:1      | Reached XP level 2. HP: 24/24 MP: 2/2
   463 | D:1      | XOM: cloud trail
   696 | D:1      | Reached skill level 1 in Dodging
   726 | D:1      | Gained mutation: You have a small tail. [demonic ancestry]
   726 | D:1      | Reached XP level 3. HP: 16/29 MP: 3/3
  1013 | D:2      | XOM: silly message
  1089 | D:2      | XOM: chaos upgrade
  1111 | D:2      | Noticed Jessica
  1117 | D:2      | Killed Jessica
  1118 | D:2      | Reached XP level 4. HP: 24/37 MP: 4/4
  1314 | D:2      | XOM: noise
  1321 | D:2      | Slain by a worm

Illustrated notes

Levels and vault maps discovered:
D:1:      nicolae_arrival_memento_mori, layout_loops_ring
D:2:      cheibrodos_pilgrimage, layout_rooms, uniq_jessica

Skill      XL: |  1  2  3 |
---------------+----------+-----
Axes           | 3 |  3.6
Dodging        | 1 |  1.1
Armour         | 2 |  2.1
Fighting       | |  3.8
Stealth        | |  0.6

Action                   |  1- 3 |  4- 6 || total
-------------------------+-------+-------++-------
Melee: Hand axe          |    63 |    16 ||    79
       Tailslap          |     1 |     1 ||     2
 Stab: Sleeping          |     1 |       ||     1
       Confused          |     1 |       ||     1
       Paralysed         |     1 |       ||     1
Armor: Leather armour    |    32 |     2 ||    34
Dodge: Dodged            |    47 |     9 ||    56

Table legend: (Time is in decaauts)
 A = Elapsed time spent in this place.
 B = Non-inter-level travel time spent in this place.
 C = Inter-level travel time spent in this place.
 D = Time resting spent in this place.
 E = Time spent auto-exploring this place.
 F = Levels seen in this place.
 G = Mean time per level.
                   A        B        C        D        E       F      G
               +--------+--------+--------+--------+--------+-----+--------+
         Total |   1331 |   1318 |     13 |    124 |    969 |   2 |  665.5 |
       Dungeon |   1331 |   1318 |     13 |    124 |    969 |   2 |  665.5 |
               +--------+--------+--------+--------+--------+-----+--------+

Top non-repeatable levels by time:
     D:1: 1016 daAuts
     D:2: 315 daAuts
